 Dungeon Sprint DCSS version 0.28.0-43-g3370ac3207 (webtiles) character file.

Game seed: 7446052110314242000

20956 rocky1 the Earth Mage (level 12, -4/84 HPs)
             Began as a Gargoyle Earth Elementalist on Feb 18, 2022.
             Was the Champion of Sif Muna.
             Slain by a dire elephant (7 damage)
             ... in the Dungeon (Sprint III: "The Ten Rune Challenge") on Mar 5, 2022.
             The game lasted 00:36:37 (5444 turns).

rocky1 the Earth Mage (Gargoyle Earth Elementalist) Turns: 5444, Time: 00:36:38

Health: -4/84      AC: 14    Str: 12    XL:     12   Next: 84%
Magic:  12/29      EV: 11    Int: 21    God:    Sif Muna [******]
Gold:   1058       SH:  0    Dex: 10    Spells: 11/37 levels left

rFire   . . .      SeeInvis .   p - +0 long sword (holy)
rCold   . . .      Faith    .   (no shield)
rNeg    + . .      Spirit   .   u - +2 robe {Will+}
rPois   ∞          Reflect  .   (no helmet)
rElec   +          Harm     .   (no cloak)
rCorr   .          Rampage  .   a - +1 pair of gloves
Will    +....      NoTele   +   (no boots)
Stlth   ++........              s - amulet of magic regeneration
HPRegen 0.24/turn               (no ring)
MPRegen 0.61/turn               (no ring)

@: no status effects
A: sickness immunity, AC +8, negative energy resistance 1, electricity
resistance, torment resistance 1, petrification resistance
a: Renounce Religion, Channel Magic, Forget Spell, Divine Exegesis


You were in the Dungeon.
You worshipped Sif Muna.
Sif Muna was exalted by your worship.
You visited 1 branch You collected 1358 gold pieces.
You spent 300 gold pieces at shops.

Inventory:

Hand Weapons
 p - a +0 long sword of holy wrath (weapon)
 w - a +4 hand axe of flaming
 y - a +1 great mace of freezing
 z - a +0 double sword of flaming
 G - the +10 mace of Doom {freeze, Fly}
   (You found it in the Dungeon)

   It freezes those it strikes, dealing additional cold damage.
   It can also slow down cold-blooded creatures.
   Fly:       It grants you flight.
Missiles
 i - 19 stones
 x - 7 curare-tipped darts
 A - 5 javelins
Armour
 a - a +1 pair of gloves (worn)
 r - a +2 robe of positive energy
 t - a +1 leather armour of cold resistance
 u - a +2 robe of willpower (worn)
Jewellery
 s - an amulet of magic regeneration (around neck)
Wands
 b - a wand of digging (8)
Scrolls
 l - a scroll of torment
 B - a scroll of holy word {unknown}
 C - a scroll of silence {unknown}
 D - a scroll of enchant armour
 F - a scroll of magic mapping {unknown}
Potions
 c - 5 potions of curing
 d - a potion of heal wounds
 e - a potion of haste
 f - a potion of magic
 g - 2 potions of berserk rage
 j - a potion of cancellation {unknown}
 k - 3 potions of mutation {unknown}
 n - a potion of might
 o - 2 potions of flight {unknown}
Miscellaneous
 q - a tin of tremorstones (2/2)


   Skills:
 + Level 13.2 Fighting
 - Level 1.5 Dodging
 - Level 2.1 Stealth
 + Level 13.3 Spellcasting
 + Level 15.6 Conjurations
 - Level 3.0 Translocations
 - Level 3.1 Transmutations
 + Level 9.5 Fire Magic
 + Level 17.7 Earth Magic
 - Level 11.8 Invocations
 - Level 10.0 Evocations


You had 11 spell levels left.
You knew the following spells:

 Your Spells              Type           Power      Damage    Failure   Level
a - Sandblast             Erth           100%       2d20      0%          1
b - Stone Arrow           Conj/Erth      100%       3d13      0%          3
c - Flame Wave            Conj/Fire      61%        2d12      1%          4
d - Blink                 Tloc           52%        N/A       1%          2
e - Lee's Rapid Deconstr  Erth           36%        3d19*     1%          5
f - Iron Shot             Conj/Erth      35%        9d7       1%          6
g - Fireball              Conj/Fire      30%        3d13      1%          5

Your spell library contained the following spells:

 Spells                   Type           Power      Damage    Failure   Level
 Magic Dart               Conj           100%       1d8       0%          1
 Searing Ray              Conj           100%       2d8       0%          2
 Foxfire                  Conj/Fire      100%       2x1d9     1%          1
 Shock                    Conj/Air       100%       1d9       1%          1
 Passwall                 Tmut/Erth      45%        N/A       1%          2
 Scorch                   Fire           100%       2d10      1%          2
 Static Discharge         Conj/Air       46%        N/A       1%          2
 Conjure Flame            Conj/Fire      61%        6-21      1%          3
 Inner Flame              Hex/Fire       34%        N/A       1%          3
 Mephitic Cloud           Conj/Pois/Air  35%        N/A       1%          3
 Animate Armour           Summ/Erth      100%       N/A       1%          4
 Fulminant Prism          Conj/Hex       23%        3d13      1%          4
 Hailstorm                Conj/Ice       46%        3d11      1%          4
 Leda's Liquefaction      Hex/Erth       25%        N/A       1%          4
 Petrify                  Tmut/Erth      55%        N/A       1%          4
 Sticky Flame             Conj/Fire      61%        2d8       1%          4
 Iskenderun's Battlesphe  Conj           68%        2d12      1%          5
 Ignite Poison            Fire/Tmut/Pois 31%        N/A       2%          3
 Irradiate                Conj/Tmut      26%        3d22      2%          5
 Animate Skeleton         Necr           28%        N/A       4%          1
 Pain                     Necr           56%        1d6       4%          1
 Summon Small Mammal      Summ           56%        N/A       4%          1
 Gell's Gravitas          Tloc           26%        N/A       4%          3
 Teleport Other           Tloc           26%        N/A       4%          3
 Starburst                Conj/Fire      30%        6d9       4%          6
 Lightning Bolt           Conj/Air       23%        1d38      5%          5
 Orb of Destruction       Conj           34%        9d10      6%          7
 Call Imp                 Summ           14%        N/A       7%          2
 Corpse Rot               Necr/Air       28%        N/A       7%          2
 Portal Projectile        Hex/Tloc       40%        N/A       8%          3
 Spider Form              Tmut/Pois      20%        N/A       8%          3
 Call Canine Familiar     Summ           14%        N/A       14%         3
 Summon Guardian Golem    Hex/Summ       14%        N/A       14%         3
 Vampiric Draining        Necr           14%        2d7       14%         3
 Freezing Cloud           Conj/Ice/Air   17%        6-21      16%         5
 Conjure Ball Lightning   Conj/Air       23%        3x3d6     28%         6
 Lehudib's Crystal Spear  Conj/Erth      35%        10d9      32%         8
 Manifold Assault         Tloc           26%        N/A       36%         5
 Dispel Undead            Necr           14%        3d10      41%         4
 Summon Mana Viper        Hex/Summ       14%        N/A       77%         5
 Dispersal                Tloc           13%        N/A       90%         6
 Shatter                  Erth           36%        3d29*     97%         9
 Eringya's Noxious Bog    Tmut/Pois      10%        N/A       98%         6
 Death Channel            Necr           7%         N/A       100%        6
 Haunt                    Necr/Summ      7%         N/A       100%        7
 Malign Gateway           Summ/Tloc      10%        N/A       100%        7
 Borgnjor's Revivificati  Necr           7%         N/A       100%        8
 Maxwell's Capacitive Co  Air            7%         ∞         100%        8
 Chain Lightning          Conj/Air       23%        3d30      100%        9
 Fire Storm               Conj/Fire      30%        8d8       100%        9


Dungeon Overview and Level Annotations

Branches:
Dungeon (1/1)

Altars:
Cheibriados
Dithmenos
Elyvilon
Fedhas
Gozag
Hepliaklqana
Kikubaaqudgha
Makhleb
Nemelex Xobeh
Okawaru
Qazlal
Ru
Sif Muna
Trog
Uskayaw
Vehumet
Wu Jian
Xom
Yredelemnul
Zin
The Shining One
Beogh
Jiyva
Lugonu

Shops:
D =

Annotations:
D Gastronok


Innate Abilities, Weirdness & Mutations

You are immune to sickness and miasma.
Your stone body is resilient. (AC +8)
You are immune to poison.
You resist negative energy. (rN+)
You are resistant to electric shocks. (rElec)
You are resistant to unholy torment.
You are immune to petrification.


Message History

Press: ? - help, Dir - move target A rock wall.
The wall shatters!
The blast of rock fragments hits Gastronok!
Gastronok is lightly wounded.
The blast of rock fragments hits the dire elephant!
The dire elephant is lightly wounded.
The blast of rock fragments hits the dire elephant!!
The dire elephant is lightly wounded.
The dire elephant tramples you!
You stumble backwards!
Casting: Lee's Rapid Deconstruction (safe; 1% risk of failure)
Confirm with . or Enter, or press ? or * to list all spells.
Aiming: Lee's Rapid Deconstruction (safe; 1% risk of failure)
Press: ? - help, Dir - move target A rock wall.
The wall shatters!
The blast of rock fragments hits the dire elephant!!
The dire elephant is moderately wounded.
The blast of rock fragments hits the dire elephant but does no damage.
The dire elephant is lightly wounded.
The dire elephant tramples you!!
* * * LOW HITPOINT WARNING * * *
You stumble backwards!
You feel much better. The dire elephant tramples you!
You stumble backwards!
Unknown command.
Okay, then.
Aiming: Fire Storm
Press: ? - help, Dir - move target A raging storm of fire appears!
The great blast of fire engulfs Gastronok!!!
Gastronok is heavily wounded.
The great blast of fire engulfs the elephant!!!
The elephant is severely wounded.
The great blast of fire engulfs the dire elephant!!!
The dire elephant is heavily wounded.
The dire elephant is engulfed in blazing flames.
The dire elephant tramples you!!
* * * LOW HITPOINT WARNING * * *
You hold your ground!
The dire elephant trunk-slaps you!
You die...

#..# #..#####....#___#__'.
▓▓▓▓▓▓▓▓▓▓▓▓▓▓▓▓▓▓▓▓▓▓▓▓▓▓
▓...+≈≈≈≈≈≈≈≈.♣♣.....♣♣♣.≈
▓.YP#≈≈≈≈≈≈≈.≈♣♣.≈≈≈≈'♣.'.
▓.PP#≈.≈§§≈§†.†'.....#.≈..
▓Y.P#≈.≈§≈§§≈≈♣♣♣♣♣♣♣#....
..?#.≈≈≈≈§≈≈≈♣ ###'.
▓##○####Y#######♣ ♣♣♣♣.#
▓..Yw☼○☼Y@......♣ ♣...##
▓#+#############+ ♣♣.##.


JJJ# ♣..#. ▓..J+ ♣♣.## ▓...# ♣♣.## ▓...# ♣.... #+### ##### You could see
Gastronok, 2 dire elephants and an elephant.

Vanquished Creatures
  Sigmund (D)
  Rupert (D)
  Erolcha (D)
  2 hydras (D)
  2 anacondas (D)
  Urug (D)
  A deep elf knight (D)
  A death drake (D)
  A spriggan druid (D)
  A lindwurm (D)
  A deep elf zephyrmancer (D)
  4 deep elf pyromancers (D)
  4 orc sorcerers (D)
  A black mamba (D)
  Edmund (D)
  2 cane toads (D)
  A rime drake (D)
  A komodo dragon (D)
  3 wandering mushrooms (D)
  A queen bee (D)
  5 blink frogs (D)
  2 tyrant leeches (D)
  2 spriggans (D)
  A shadow (D)
  A spatial vortex (D)
  5 redbacks (D)
  A hydra simulacrum (D)
  2 water moccasins (D)
  2 orc warriors (D)
  A swamp drake (D)
  A black mamba simulacrum (D)
  A necrophage (D)
  A fire dragon simulacrum (D)
  5 two-headed ogres (D)
  A water elemental (D)
  32 killer bees (D)
  An electric eel (D)
  2 orc priests (D)
  A jelly (D)
  Jessica (D)
  A wizard (D)
  A necromancer (D)
  2 orc wizards (D)
  A wolf simulacrum (D)
  A kobold demonologist (D)
  3 humans (D)
  A wolf (D)
  2 adders (D)
  8 orcs (D)
  An endoplasm (D)
  2 rats (D)
122 creatures vanquished.

Vanquished Creatures (others)
  3 plants (D)
3 creatures vanquished.

Grand Total: 125 creatures vanquished

Notes
Turn   | Place    | Note
-------+----------+-------------------------------------------
     0 | D        | rocky1 the Gargoyle Earth Elementalist began the quest for
                  | the Orb.
     0 | D        | Reached XP level 1. HP: 10/10 MP: 3/3
    11 | D        | Reached skill level 4 in Earth Magic
   122 | D        | Reached skill level 5 in Earth Magic
   134 | D        | Noticed Jessica
   142 | D        | Killed Jessica
   143 | D        | Reached skill level 8 in Earth Magic
   143 | D        | Reached XP level 2. HP: 9/15 MP: 3/5
   143 | D        | Reached XP level 3. HP: 11/19 MP: 3/6
   149 | D        | Learned a level 3 spell: Stone Arrow
   406 | D        | Reached skill level 1 in Conjurations
   581 | D        | Reached XP level 4. HP: 24/24 MP: 5/8
   750 | D        | Noticed a water elemental
   753 | D        | Killed a water elemental
   754 | D        | Reached skill level 9 in Earth Magic
   754 | D        | Reached XP level 5. HP: 28/28 MP: 5/11
   908 | D        | Found a radiant altar of Vehumet.
   908 | D        | Found a shimmering blue altar of Sif Muna.
   908 | D        | Found an ancient bone altar of Kikubaaqudgha.
   910 | D        | Reached skill level 1 in Fighting
   911 | D        | Reached skill level 5 in Conjurations
   911 | D        | Reached skill level 10 in Earth Magic
   919 | D        | Became a worshipper of Sif Muna the Loreminder
   941 | D        | Found a hide-covered altar of Uskayaw.
   941 | D        | Found an iron altar of Okawaru.
   941 | D        | Found a bloodstained altar of Trog.
   941 | D        | Found an ornate altar of the Wu Jian Council.
   941 | D        | Noticed a human
   941 | D        | Noticed a human
   944 | D        | Killed a human
   945 | D        | Reached skill level 5 in Spellcasting
   945 | D        | Reached XP level 6. HP: 38/38 MP: 5/14
   957 | D        | Killed a human
   958 | D        | Reached skill level 5 in Fighting
   958 | D        | Reached skill level 11 in Earth Magic
   958 | D        | Reached XP level 7. HP: 43/44 MP: 0/16
  1169 | D        | Found a basalt altar of Yredelemnul.
  1169 | D        | Found a shadowy altar of Dithmenos.
  1169 | D        | Found a sacrificial altar of Ru.
  1171 | D        | Reached * piety under Sif Muna
  1172 | D        | Reached skill level 5 in Invocations
  1355 | D        | Found a glowing silver altar of Zin.
  1355 | D        | Found a glowing golden altar of the Shining One.
  1355 | D        | Found a white marble altar of Elyvilon.
  1356 | D        | Noticed a deep elf pyromancer
  1359 | D        | Noticed a fire elemental
  1359 | D        | Killed a deep elf pyromancer
  1360 | D        | Reached skill level 12 in Earth Magic
  1360 | D        | Reached XP level 8. HP: 53/53 MP: 7/19
  1540 | D        | Noticed a shadow
  1542 | D        | Reached ** piety under Sif Muna
  1544 | D        | Killed a shadow
  1705 | D        | Found a blossoming altar of Fedhas.
  1705 | D        | Found a stormy altar of Qazlal.
  1705 | D        | Found a snail-covered altar of Cheibriados.
  1705 | D        | Found a burning altar of Makhleb.
  1705 | D        | Found a shimmering altar of Xom.
  1706 | D        | Found a hazy altar of Hepliaklqana.
  1706 | D        | Found an opulent altar of Gozag.
  1706 | D        | Found a sparkling altar of Nemelex Xobeh.
  1706 | D        | Found a corrupted altar of Lugonu.
  1706 | D        | Found a viscous altar of Jiyva.
  1811 | D        | Reached *** piety under Sif Muna
  1812 | D        | Reached skill level 1 in Evocations
  2147 | D        | Noticed an orc sorcerer
  2166 | D        | Reached skill level 13 in Earth Magic
  2172 | D        | Killed an orc sorcerer
  2172 | D        | Reached **** piety under Sif Muna
  2173 | D        | Reached XP level 9. HP: 60/60 MP: 13/21
  2173 | D        | Upgraded the game from 0.28.0 to 0.28.0-43-g3370ac3207
  2204 | D        | Reached skill level 10 in Conjurations
  2212 | D        | Reached ***** piety under Sif Muna
  2221 | D        | Received a gift from Sif Muna
  2222 | D        | Got Onitog's Compendium of Clay and Confrontation {god
                  | gift}
  2229 | D        | Noticed an orc sorcerer
  2233 | D        | Killed an orc sorcerer
  2233 | D        | Noticed an orc sorcerer
  2236 | D        | Killed an orc sorcerer
  2237 | D        | Reached skill level 14 in Earth Magic
  2266 | D        | Noticed an orc sorcerer
  2270 | D        | Killed an orc sorcerer
  2271 | D        | Reached skill level 5 in Evocations
  2271 | D        | Reached XP level 10. HP: 65/68 MP: 13/23
  2290 | D        | Found Amofethro's Jewellery Shoppe.
  2327 | D        | Bought an amulet of magic regeneration for 300 gold pieces
  2412 | D        | Noticed a deep elf pyromancer
  2412 | D        | Noticed a deep elf pyromancer
  2412 | D        | Noticed a deep elf pyromancer
  2412 | D        | Noticed a deep elf knight
  2412 | D        | Noticed a deep elf zephyrmancer
  2422 | D        | Killed a deep elf pyromancer
  2423 | D        | Reached skill level 10 in Fighting
  2425 | D        | Killed a deep elf zephyrmancer
  2426 | D        | Reached skill level 10 in Invocations
  2426 | D        | Killed a deep elf pyromancer
  2426 | D        | Received a gift from Sif Muna
  2426 | D        | Killed a deep elf pyromancer
  2426 | D        | Killed a deep elf knight
  2427 | D        | Reached skill level 10 in Spellcasting
  2427 | D        | Reached skill level 15 in Earth Magic
  2555 | D        | Got Sif Muna's Volume of Attacks {god gift}
  2606 | D        | Learned a level 4 spell: Flame Wave
  2613 | D        | Reached skill level 1 in Fire Magic
  2691 | D        | Noticed Erolcha
  2694 | D        | Killed Erolcha
  2695 | D        | Reached XP level 11. HP: 65/74 MP: 20/25
  2926 | D        | Received a gift from Sif Muna
  2934 | D        | Received a gift from Sif Muna
  2935 | D        | Reached ****** piety under Sif Muna
  2942 | D        | Received a gift from Sif Muna
  2952 | D        | Received a gift from Sif Muna
  3137 | D        | Got Sif Muna's Disquisition on Supportive Conjuration {god
                  | gift}
  3137 | D        | Got Sif Muna's Grimoire of the Traveller and Stones {god
                  | gift}
  3137 | D        | Got Sif Muna's Incunabulum of the Hurtful Traveller {god
                  | gift}
  3137 | D        | Got Sif Muna's Tome of Burning Earth {god gift}
  3142 | D        | Learned a level 2 spell: Blink
  3148 | D        | Learned a level 5 spell: Lee's Rapid Deconstruction
  3155 | D        | Learned a level 6 spell: Iron Shot
  3161 | D        | Learned a level 5 spell: Fireball
  3187 | D        | Noticed Sigmund
  3187 | D        | Noticed Edmund
  3195 | D        | Killed Sigmund
  3196 | D        | Reached skill level 5 in Fire Magic
  3196 | D        | Killed Edmund
  3326 | D        | Noticed a yaktaur captain
  3561 | D        | Received a gift from Sif Muna
  3662 | D        | Noticed a lindwurm
  3672 | D        | Killed a lindwurm
  3673 | D        | Reached skill level 16 in Earth Magic
  3673 | D        | Reached XP level 12. HP: 81/81 MP: 9/28
  3791 | D        | Noticed Urug
  3807 | D        | Killed Urug
  3807 | D        | Received a gift from Sif Muna
  3808 | D        | Got Sif Muna's Guide on Blistering Shape Shifting {god
                  | gift}
  4176 | D        | Noticed an eight-headed hydra
  4176 | D        | Noticed an eight-headed hydra
  4197 | D        | Killed an eight-headed hydra
  4197 | D        | Killed an eight-headed hydra
  4204 | D        | Reached skill level 10 in Evocations
  4296 | D        | Received a gift from Sif Muna
  4297 | D        | Got Sif Muna's Tome of Ashen Unholy Arts {god gift}
  4563 | D        | Found the amulet of the Air {Inacc Air Fly rElec RMsl}
  4574 | D        | Identified the +10 mace of Doom {freeze, Fly}
  4879 | D        | Found a blossoming altar of Fedhas.
  4946 | D        | Noticed an anaconda
  4951 | D        | Noticed an anaconda
  5168 | D        | Reached skill level 17 in Earth Magic
  5176 | D        | Killed an anaconda
  5176 | D        | Received a gift from Sif Muna
  5177 | D        | Reached skill level 15 in Conjurations
  5177 | D        | Killed an anaconda
  5178 | D        | Got Sif Muna's Collected Works on Air and Heat {god gift}
  5387 | D        | Noticed Rupert
  5391 | D        | Killed Rupert
  5435 | D        | Noticed an azure jelly
  5435 | D        | Noticed an azure jelly
  5435 | D        | Noticed an azure jelly
  5435 | D        | Noticed an azure jelly
  5437 | D        | Noticed a dire elephant
  5437 | D        | Noticed a dire elephant
  5437 | D        | Noticed Gastronok
  5444 | D        | HP: 3/84 [dire elephant (26)]
  5444 | D        | Slain by a dire elephant

Illustrated notes

Levels and vault maps discovered:
D:        dungeon_sprint_mu [sprint_mu_entry_cave, sprint_mu_temple_rooms,
          sprint_mu_d1_spiders, sprint_mu_d2_genie, sprint_mu_d3_branching,
          sprint_mu_orc_legion, sprint_mu_elf_gauntlet, sprint_mu_hive_nellie,
          sprint_mu_lair_fedhas, sprint_mu_vaults_butterflies,
          sprint_mu_slime_circle, sprint_mu_shoals_archi,
          sprint_mu_snake_twists, sprint_mu_blade_basic,
          sprint_mu_crypt_chambers, sprint_mu_tomb_spiral,
          sprint_mu_vestibule_basic, sprint_mu_gehenna_hellfire,
          sprint_mu_dis_giant, sprint_mu_tartarus_statrot,
          sprint_mu_cocytus_islands, sprint_mu_zot1]

Skill      XL: |  1  2  3  4  5  6  7  8  9 10 11 12 |
---------------+-------------------------------------+-----
Earth Magic    | 8 9 10 11 12 13 14 15 16 17 | 17.7
Conjurations   | 2 4 6 7 8 9 11 12 14 15 | 15.6
Spellcasting   | 3 4 5 6 7 8 9 10 12 13 | 13.3
Fighting       | 4 5 7 8 9 11 12 13 | 13.2
Invocations    | 3 4 6 8 9 11 | 11.8
Evocations     | 2 5 7 9 10 | 10.0
Fire Magic     | 2 6 9 |  9.5
Translocations | 3 |  3.0
Transmutations | 3 |  3.1
Dodging        | |  1.5
Stealth        | |  2.1

Action                   |  1- 3 |  4- 6 |  7- 9 | 10-12 || total
-------------------------+-------+-------+-------+-------++-------
Melee: Unarmed           |     2 |       |       |       ||     2
 Cast: Sandblast         |    16 |    10 |     1 |       ||    27
       Stone Arrow       |       |     3 |    55 |    35 ||    93
       Flame Wave        |       |       |       |    11 ||    11
       Lee's Rapid Decon |       |       |       |    29 ||    29
       Fireball          |       |       |       |    15 ||    15
       Iron Shot         |       |       |       |    15 ||    15
       Blink             |       |       |       |     2 ||     2
       Fire Storm        |       |       |       |     1 ||     1
Invok: Channel Magic     |       |       |     3 |     5 ||     8
       Divine Exegesis   |       |       |       |     1 ||     1
Evoke: Tin of tremorston |       |       |       |     2 ||     2
  Use: Potion            |     1 |       |       |     1 ||     2
       Scroll            |       |     3 |       |     2 ||     5
Armor: Robe              |     1 |     2 |     2 |    25 ||    30
       Leather armour    |       |       |     1 |       ||     1
Dodge: Dodged            |     5 |     3 |     2 |    39 ||    49
